Map: Ulrena

Players

Miszu

  • Race: Terran Terran
  • League: Grandmaster

SatO - Winner!

  • Race: Protoss Protoss
  • League: Grandmaster

VOD

Have the link to the VOD?

Description

Time

  • Played on: May 18, 2016, 12:46 p.m.
  • Length: 7:59
Show
View Real Time Build Order
Export as new Build Order

Miszu Terran 

Build Orders: MMM Bio 

Get SALT Encoding   

  12  0:00  SCV  
  13  0:12  SCV  
  14  0:19  Supply Depot  
  14  0:25  SCV  
  15  0:40  SCV  
  16  0:48  Barracks  
  16  0:52  SCV  
  17  1:05  SCV  
  18  1:17  Command Center  
  18  1:22  SCV  
  19  1:35  Orbital Command  
  19  1:37  Marine  
  20  1:51  Barracks  
  20  1:53  Barracks  
  20  1:56  Marine  
  21  2:01  SCV  
  22  2:08  Refinery  
  22  2:11  Refinery  
  22  2:13  Marine  
  23  2:29  SCV  
  24  2:30  Orbital Command  
  24  2:36  Marine  
  25  2:39  Barracks Tech Lab  
  25  2:40  Marine  
  25  2:41  SCV  
  27  2:53  SCV  
  27  2:54  Marine  
  27  2:56  SCV  
  27  2:58  Marine  
  31  2:59  Stimpack  
  31  3:01  Marine  
  32  3:05  SCV  
  32  3:08  SCV  
  34  3:13  Supply Depot  
  34  3:15  Marine  
  34  3:18  SCV  
  36  3:20  SCV  
  36  3:25  Factory  
  37  3:28  Marine  
  38  3:35  Marine, SCV  
  38  3:36  SCV  
  38  3:38  Engineering Bay  
  38  3:41  Marine  
  41  3:45  Marine  
  41  3:47  SCV  
  44  3:49  Supply Depot  
  44  3:52  Marine  
  45  3:58  SCV  
  45  4:02  Refinery  
  46  4:04  Terran Infantry Weapons Level 1  
  46  4:11  Supply Depot, Marine x2, Marauder, SCV  
  46  4:12  SCV  
  52  4:18  Starport  
  52  4:20  Factory Reactor  
  52  4:23  SCV  
  53  4:24  SCV  
  54  4:33  Marine x2, Marauder  
  54  4:35  SCV  
  54  4:37  Supply Depot  
  59  4:40  SCV  
  59  4:44  Supply Depot  
  60  4:47  SCV  
  62  4:55  Barracks Tech Lab  
  62  4:59  Barracks Reactor, Marauder, SCV  
  64  5:02  Factory Reactor  
  64  5:03  Medivac x2  
  64  5:05  Missile Turret  
  64  5:06  SCV  
  69  5:09  Supply Depot  
  69  5:12  Supply Depot  
  69  5:13  SCV  
  70  5:16  Marine, Combat Shields  
  70  5:19  SCV  
  72  5:25  SCV  
  73  5:29  Marauder  
  73  5:33  Supply Depot  
  73  5:34  Medivac  
  73  5:35  Supply Depot  
  77  5:39  Medivac  
  79  5:43  SCV  
  79  5:44  SCV  
  81  5:50  Command Center  
  81  5:55  Marine, Marauder, SCV  
  75  6:02  Marine, Marauder  
  75  6:04  Medivac  
  78  6:08  Refinery  
  78  6:09  Supply Depot  
  80  6:11  Widow Mine x2  
  80  6:13  Marine  
  85  6:20  Barracks  
  85  6:21  Barracks  
  85  6:28  Marine x2, Marauder  
  85  6:29  Concussive Shells  
  89  6:40  Marine  
  89  6:41  Supply Depot  
  89  6:46  Marauder  
  92  6:50  SCV  
  92  6:51  SCV  
  94  6:54  Marauder  
  94  6:55  Widow Mine  
  94  7:00  Marine, Medivac x2  
  103  7:02  SCV  
  103  7:03  SCV  
  105  7:14  Orbital Command  
  105  7:15  SCV  
  106  7:16  Barracks Tech Lab  
  106  7:17  Barracks Reactor, Marine x3  
  106  7:20  SCV  
  110  7:32  Marine  
  110  7:34  SCV x2  
  110  7:35  Supply Depot, Marine  
  110  7:36  Marauder x2  
  118  7:45  SCV  
  118  7:46  SCV x2  
  118  7:48  Engineering Bay, Refinery  
  118  7:49  Refinery, Armory  
  124  7:57  Supply Depot  
Show
View Real Time Build Order
Export as new Build Order

SatO Protoss - Winner!

Build Orders: 1 Gate Expand, Double Forge, Blink Stalkers 

Get SALT Encoding   

  12  0:02  Probe (Chrono Boost)  
  13  0:13  Probe (Chrono Boost)  
  14  0:20  Pylon  
  14  0:24  Probe (Chrono Boost)  
  15  0:38  Gateway, Probe (Chrono Boost)  
  16  0:43  Assimilator  
  16  0:48  Probe (Chrono Boost)  
  17  0:59  Probe (Chrono Boost)  
  18  1:09  Probe (Chrono Boost)  
  19  1:22  Nexus  
  19  1:31  Cybernetics Core  
  19  1:35  Probe (Chrono Boost)  
  20  1:43  Assimilator  
  20  1:45  Probe (Chrono Boost)  
  21  1:51  Pylon  
  21  1:56  Probe (Chrono Boost)  
  23  2:11  Mothership Core (Chrono Boost)  
  23  2:15  Adept  
  26  2:26  Warp Gate  
  26  2:29  Probe (Chrono Boost)  
  27  2:35  Probe (Chrono Boost)  
  28  2:40  Probe (Chrono Boost)  
  29  2:45  Probe (Chrono Boost)  
  29  2:49  Robotics Facility  
  29  2:50  Probe (Chrono Boost)  
  31  2:56  Probe (Chrono Boost)  
  32  3:01  Probe (Chrono Boost)  
  32  3:04  Pylon  
  33  3:06  Probe (Chrono Boost)  
  33  3:12  Probe (Chrono Boost)  
  35  3:15  Twilight Council  
  35  3:17  Probe (Chrono Boost)  
  36  3:22  Probe (Chrono Boost)  
  36  3:25  Gateway  
  37  3:27  Probe (Chrono Boost)  
  37  3:31  Gateway  
  37  3:34  Probe (Chrono Boost)  
  38  3:38  Observer (Chrono Boost), Probe (Chrono Boost)  
  41  3:42  Assimilator  
  41  3:44  Probe  
  42  3:48  Pylon  
  42  3:52  Probe  
  42  3:53  Blink (Chrono Boost)  
  43  3:56  Observer, Probe  
  45  4:04  Probe  
  45  4:08  Probe  
  47  4:16  Probe  
  48  4:19  Observer  
  48  4:21  Probe  
  50  4:25  Nexus  
  50  4:29  Probe  
  51  4:33  Assimilator, Probe  
  51  4:35  Stalker x2  
  51  4:37  Stalker  
  58  4:45  Pylon  
  58  4:47  Forge  
  58  4:52  Gateway  
  58  4:54  Forge  
  58  4:58  Observer  
  58  4:59  Gateway  
  58  5:01  Probe  
  58  5:03  Probe  
  61  5:12  Pylon  
  61  5:13  Probe  
  62  5:14  Stalker  
  62  5:18  Stalker  
  66  5:25  Immortal  
  70  5:30  Probe  
  70  5:31  Protoss Ground Armor Level 1 (Chrono Boost)  
  70  5:32  Probe  
  70  5:34  Protoss Ground Weapons Level 1 (Chrono Boost)  
  72  5:36  Probe  
  73  5:43  Stalker  
  73  5:44  Sentry  
  73  5:47  Stalker  
  79  6:02  Probe  
  79  6:03  Probe x2  
  82  6:06  Pylon  
  82  6:12  Probe  
  83  6:26  Stalker x5  
  83  6:27  Probe x2  
  83  6:30  Assimilator  
  95  6:32  Probe  
  95  6:39  Probe  
  98  6:40  Assimilator  
  98  6:42  Pylon  
  98  6:45  Pylon  
  98  6:48  Pylon  
  98  6:49  Adept x2  
  101  6:59  Probe  
  101  7:00  Probe x2  
  104  7:04  Sentry  
  104  7:06  Immortal  
  110  7:09  Probe  
  110  7:12  Probe x2  
  110  7:14  Gateway, Zealot x3  
  119  7:16  Gateway  
  119  7:20  Gateway, Probe  
  120  7:24  Probe  
  121  7:30  Pylon  
  121  7:33  Pylon  
  121  7:38  Zealot x2  
  125  7:46  Templar Archives  
  125  7:49  Pylon  
  125  7:50  Pylon x2  
Tags
 
Add a new tag
Caveats
  • Supply blocks, unpowered buildings, or Contaminate may cause inaccurate times.
  • Supply counts are checked every 10 seconds.